 Dungeon Crawl Stone Soup version 0.28.0 (webtiles) character file.

Game seed: 10985287112333547223

41 skewfiend the Skirmisher (level 3, -1/29 HPs)
             Began as a Demonspawn Fighter on Feb 15, 2022.
             Was a Follower of Ru.
             Succumbed to Robin's poison
             ... on level 2 of the Dungeon.
             The game lasted 00:03:35 (1262 turns).

skewfiend the Skirmisher (Demonspawn Fighter)       Turns: 1262, Time: 00:03:36

Health: -1/29      AC:  6    Str: 16    XL:     3   Next: 32%
Magic:  3/3        EV:  8    Int: 11    God:    Ru [*.....]
Gold:   68         SH:  4    Dex: 14    Spells: 2/2 levels left

rFire   . . .      SeeInvis .   a - +0 war axe
rCold   . . .      Faith    .   c - +0 buckler
rNeg    . . .      Spirit   .   b - +0 scale mail
rPois   .          Reflect  .   (no helmet)
rElec   .          Harm     .   (no cloak)
rCorr   .          Rampage  .   (no gloves)
Will    .....                   (no boots)
Stlth   ..........              (no amulet)
HPRegen 0.09/turn               (no ring)
MPRegen 0.08/turn               (no ring)

@: mighty, lethally poisoned (-1 -> -6)
A: no ice magic, no translocations magic, no transmutations magic, big brain 1
a: Renounce Religion


You were on level 2 of the Dungeon.
You worshipped Ru.
Ru was aware of your devotion.
You visited 1 branch of the dungeon, and saw 2 of its levels.

You collected 68 gold pieces.

Inventory:

Hand Weapons
 a - a +0 war axe (weapon)
Missiles
 f - 8 stones (quivered)
Armour
 b - a +0 scale mail (worn)
 c - a +0 buckler (worn)
Jewellery
 i - a ring of magical power
Potions
 d - a potion of might


   Skills:
 + Level 3.5 Fighting
 * Level 3.0 Axes
 - Level 2.6 Armour
 - Level 2.6 Shields


You had 2 spell levels left.
You didn't know any spells.
Your spell library was empty.

Dungeon Overview and Level Annotations

Branches:
Dungeon (2/15)

Altars:
Ru


Innate Abilities, Weirdness & Mutations

You cannot study or cast Ice magic.
You cannot study or cast Translocations magic.
You cannot study or cast Transmutations magic.
You have an unusually large brain. (Int +2)


Message History

The goblin hits you but does no damage. x2
Robin hits you with a +2 dagger of venom.
The goblin hits the bush with a +0 dagger. x2
The goblin hits the plant with a +0 dagger.
The goblin hits you but does no damage. The goblin hits you with a +0 club.
* * * LOW HITPOINT WARNING * * *
It was a potion of magic.
Magic courses through your body.
The goblin hits the bush with a +0 dagger.
The goblin hits the bush but does no damage.
The goblin hits the plant with a +0 dagger.
The goblin hits you but does no damage. x2
Robin hits you with a +2 dagger of venom.
* * * LOW HITPOINT WARNING * * *
You are lethally poisoned!
As you read the scroll labelled QOPSOWK ESCHUD, it crumbles to dust.
You feel aware of your surroundings.
You sensed 1 altar.
It was a scroll of magic mapping.
* * * LOW HITPOINT WARNING * * *
You feel sick.
A nearby plant withers and dies.
The goblin hits the bush but does no damage. x2
The goblin hits you but does no damage. The goblin completely misses you.
Robin says, "Duck!"
Robin closely misses you.
Unknown command.
Unknown command.
As you read the scroll labelled PIJOTT QE MIQ, it crumbles to dust.
You hear a loud clanging noise!
It was a scroll of noise.
* * * LOW HITPOINT WARNING * * *
You feel sick.
You hear a shout!
The goblin hits the bush with a +0 dagger.
The goblin hits the bush but does no damage.
The goblin barely misses you. The goblin hits you but does no damage.
Robin closely misses you.
You hit Robin.
You kill Robin!
You barely miss the goblin.
You hit the bush. x2; You hit the goblin.
You kill the goblin!
You die...

**** ***** *##### **** ,,,* *,,,*
###..P.##### *,,, ,,,***,,,*
##...♣......# *,,, ,,,+,+,,,*
##.P.PPP.....# *,,, _,,***,,,*
##..g♣♣P...[..# *,,,
,,,***#+####.P♣♣@)g......# *,,,
,,,,,,#....+.P♣PP)g......# *,,,
,,,,,,#####.P♣♣Pg........# ****
,,,,,,'g...PP♣...........#
,,,,,,#####.)............########
,,,,.........)...................
,,<*..g#.......................#*
*,**,*,#.####+##...............#
,,,,,,...,,,,,.................##


You could see 4 goblins.

Vanquished Creatures
  Robin (D:2)
  A worm (D:2)
  4 ball pythons (D:1)
  4 bats (D:1)
  An endoplasm (D:1)
  A giant cockroach (D:2)
  9 goblins
  2 hobgoblins
  2 jackals (D:1)
  2 kobolds (D:1)
  2 quokkas (D:1)
  3 frilled lizards (D:1)
  3 rats (D:1)
35 creatures vanquished.

Vanquished Creatures (others)
  4 plants (D:2)
4 creatures vanquished.

Grand Total: 39 creatures vanquished

Notes
Turn   | Place    | Note
-------+----------+-------------------------------------------
     0 | D:1      | skewfiend the Demonspawn Fighter began the quest for the
                  | Orb.
     0 | D:1      | Reached XP level 1. HP: 18/18 MP: 1/1
   133 | D:1      | Gained mutation: You have an unusually large brain. (Int
                  | +2) [demonic ancestry]
   133 | D:1      | Reached XP level 2. HP: 19/24 MP: 2/2
   581 | D:1      | Found a faded altar of an unknown god.
   596 | D:1      | Prayed at the altar of an unknown god.
   596 | D:1      | Became a worshipper of Ru the Awakened
   615 | D:1      | Gained mutation: You cannot study or cast Ice magic. [Ru
                  | sacrifice]
   615 | D:1      | Gained mutation: You cannot study or cast Transmutations
                  | magic. [Ru sacrifice]
   615 | D:1      | Gained mutation: You cannot study or cast Translocations
                  | magic. [Ru sacrifice]
   615 | D:1      | Reached * piety under Ru
  1155 | D:2      | Reached XP level 3. HP: 25/29 MP: 3/3
  1235 | D:2      | Noticed Robin
  1261 | D:2      | HP: 1/29 [poisoned by Robin]
  1262 | D:2      | Killed Robin
  1262 | D:2      | Succumbed to Robin's poison

Illustrated notes

Levels and vault maps discovered:
D:1:      ebering_hopf_link, layout_loops_corners, basic_ecumenical_altar
D:2:      layout_basic, serial_forest, infiniplex_forest_lined_corner,
          infiniplex_forest_lined_3, infiniplex_forest_clump_diagonal,
          infiniplex_forest_lined_room_2, infiniplex_forest_lined_room_2,
          infiniplex_forest_clump_long, basic_altar, minmay_crystal_room,
          uniq_robin

Skill      XL: |  1  2  3 |
---------------+----------+-----
Axes           | 2 3 |  3.0
Fighting       | |  3.5
Armour         | |  2.6
Shields        | |  2.6

Action                   || total
-------------------------++-------
Melee: War axe           ||    88
Throw: Stone             ||     4
Invok: Sacrifice Arcana  ||     1
  Use: Scroll            ||     2
       Potion            ||     2
Armor: Scale mail        ||    59
Dodge: Dodged            ||    48
Block: Buckler           ||    27
